 Dungeon Crawl Stone Soup version 0.24.0-123-gd5b16e6ec5 (webtiles) character file.

Game seed: 12791392607945077904, levelgen mode: deterministic

17 Seryem the Ogre Mage (level 2, 24/24 HPs)
             Began as an Ogre Wizard on Jan 1, 2020.
             Quit the game on level 1 of the Dungeon.
             The game lasted 00:01:57 (1104 turns).

Seryem the Ogre Mage (Ogre Wizard)                  Turns: 1104, Time: 00:01:57

Health: 24/24      AC:  3    Str: 10    XL:     2   Next: 62%
Magic:  5/7        EV: 10    Int: 19    God:
Gold:   11         SH:  0    Dex:  7    Spells: 6/9 levels left

rFire    . . .     SeeInvis .   e - +0 dagger
rCold    . . .     Gourm    .   (no shield)
rNeg     . . .     Faith    .   c - +0 robe (curse)
rPois    .         Spirit   .   b - +0 hat
rElec    .         Reflect  .   (no cloak)
rCorr    .         Harm     .   (gloves unavailable)
MR       .....                  (boots unavailable)
Stlth    +.........             (no amulet)
HPRegen  0.08/turn              (no ring)
MPRegen  0.10/turn              (no ring)

@: no status effects
A: large, unfitting armour, tough skin 1
a: no special abilities


You were on level 1 of the Dungeon.
You were not hungry.

You visited 1 branch of the dungeon, and saw 1 of its levels.

You collected 11 gold pieces.

Inventory:

Hand Weapons
 e - a +0 dagger (weapon)
Armour
 a - a +0 robe
 b - a +0 hat (worn)
 c - a cursed +0 robe (worn)
Scrolls
 f - 2 scrolls of remove curse {unknown}
 h - a scroll of teleportation {unknown}
Potions
 g - a potion of lignification {unknown}
Comestibles
 d - a ration


   Skills:
 - Level 1.7 Dodging
 - Level 1.4 Stealth
 + Level 4.1 Spellcasting
 + Level 1.7 Conjurations
 - Level 0.8 Summonings
   Level 0.8 Translocations


You had 6 spell levels left.
You knew the following spells:

 Your Spells              Type           Power        Failure   Level  Hunger
a - Magic Dart            Conj           ##..         7%          1    None
b - Call Imp              Summ           #.......     14%         2    ##.....

Your spell library contained the following spells:

 Spells                   Type           Power        Failure   Level  Hunger
 Blink                    Tloc           N/A          14%         2    ##.....
 Slow                     Hex            #.......     21%         2    ##.....
 Conjure Flame            Conj/Fire      #.......     28%         3    ###....
 Mephitic Cloud           Conj/Pois/Air  #.......     32%         3    ###....


Dungeon Overview and Level Annotations

Branches:
Dungeon (1/15)

Altars:


Innate Abilities, Weirdness & Mutations

You are too large for most types of armour.
You have tough skin. (AC +1)


Message History

Confirm with . or Enter, or press ? or * to list all spells.
You can't see any susceptible monsters within range! (Use Z to cast anyway.) Unknown command.
The giant cockroach is too close now for your liking.
A giant cockroach is nearby!
Casting: Magic Dart (safe; 7% risk of failure)
Confirm with . or Enter, or press ? or * to list all spells.
Aiming: Magic Dart (safe; 7% risk of failure)
Press: ? - help, Shift-Dir - straight line, f/p - giant cockroach
Aim: a giant cockroach (moderately wounded, clinging)
The magic dart hits the giant cockroach.
You kill the giant cockroach!
Found an escape hatch in the floor.
Casting: Magic Dart (safe; 7% risk of failure)
Confirm with . or Enter, or press ? or * to list all spells.
You can't see any susceptible monsters within range! (Use Z to cast anyway.) Unknown command.
Quiver which item? (- for none, * to show all) (? for menu, Esc to quit)
Okay, then.
Are you sure you want to abandon this character and quit the game? (Confirm with "yes".)

#.###..#......############.##
#..(..........# ....(....#
#.######..#.....## .#########
#.........##.#..#
#########.##.#..#
#.##.#..########
#.##.#..........
#.##.#.######### #.#....@#
#.#.....# #.#>##..# #.#. #..#
# #..# ##.# ..# >.#


There were no monsters in sight!

Vanquished Creatures
  A dart slug (D:1)
  A leopard gecko (D:1)
  2 giant cockroaches (D:1)
  2 goblins (D:1)
  2 hobgoblins (D:1)
  A ball python (D:1)
  A bat (D:1)
  2 frilled lizards (D:1)
  2 rats (D:1)
14 creatures vanquished.

Notes
Turn   | Place    | Note
-------+----------+-------------------------------------------
     0 | D:1      | Seryem the Ogre Wizard began the quest for the Orb.
     0 | D:1      | Reached XP level 1. HP: 16/16 MP: 5/5
    12 | D:1      | Reached skill level 1 in Conjurations
   358 | D:1      | Reached XP level 2. HP: 24/24 MP: 1/6
   362 | D:1      | Learned a level 2 spell: Call Imp
   782 | D:1      | Reached skill level 4 in Spellcasting
  1104 | D:1      | Quit the game

Levels and vault maps discovered:
D:1:      eino_arrival_water_cross, layout_basic, chequers_serial_rivers_small_3

Skill      XL: |  1  2 |
---------------+-------+-----
Conjurations   | 1 |  1.7
Spellcasting   | 4 |  4.1
Dodging        | |  1.7
Stealth        | |  1.4
Summonings     | |  0.8
Translocations | |  0.8

Action                   || total
-------------------------++-------
Melee: Dagger            ||     5
 Cast: Magic Dart        ||    33
Armor: Robe              ||     5
Dodge: Dodged            ||     5
